 Dungeon Crawl Stone Soup version 0.29-a0-887-gcbe080d7e0 (webtiles) character file.

Game seed: 10553495377958953146

150 jimonade the Sneak (level 5, -3/43 HPs)
             Began as a Gnoll Brigand on July 21, 2022.
             Slain by a bullfrog (8 damage)
             ... in a sewer on July 22, 2022.
             The game lasted 00:06:27 (2213 turns).

jimonade the Sneak (Gnoll Brigand)                  Turns: 2213, Time: 00:06:27

Health: -3/43      AC:  3    Str:  8 (11) XL:     5   Next: 32%
Magic:  2/2        EV: 12    Int:  9 (10) God:
Gold:   50         SH:  0    Dex: 13 (15) Spells: 7/7 levels left

rFire   . . .      SeeInvis .   i - +8 Wrath of Trog {antimagic, *Rage Rampage}
rCold   . . .      Faith    .   (shield currently unavailable)
rNeg    . . .      Spirit   .   f - +0 robe
rPois   .          Reflect  .   (no helmet)
rElec   .          Harm     .   c - +0 cloak
rCorr   .          Rampage  +   (no gloves)
Will    .....      Rage     50% (no boots)
Stlth   ++++......              k - amulet of regeneration
HPRegen 0.94/turn               (no ring)
MPRegen 0.08/turn               (no ring)

@: on berserk cooldown, slowed, very slow
A: fangs 1, strong nose, distributed training
a: no special abilities


You were in a sewer.
You visited 1 branch of the dungeon, and saw 3 of its levels.
You also visited: Sewer.

You collected 50 gold pieces.

Inventory:

Hand Weapons
 a - a +2 dagger
 b - a +0 sling
 g - a +0 rapier
 h - a +0 battleaxe
 i - the +8 Wrath of Trog (weapon) {antimagic, *Rage Rampage}
   (You found it in a sewer)

   It reduces the magical energy of the wielder, and disrupts the spells and
   magical abilities of those it strikes.
   Natural abilities and divine invocations are not affected.
   It causes slowness and exhaustion when equipped.
   It extends the wielder's berserk rage when killing foes.
   *Rage:     It berserks you when you make melee attacks (+50% chance).
   Rampage:   It bestows one free step when moving towards enemies.
Missiles
 d - 9 poisoned darts (quivered)
 e - 3 curare-tipped darts
Armour
 c - a +0 cloak (worn)
 f - a +0 robe (worn)
 n - a scarf of harm
Jewellery
 k - an amulet of regeneration (around neck)
Scrolls
 o - a scroll of fear {unknown}
 p - a scroll of teleportation {unknown}
Potions
 m - a potion of brilliance {unknown}
 q - a potion of cancellation {unknown}


   Skills:
 + Level 4.8 Fighting
 + Level 4.8 Short Blades
 + Level 1.5 Long Blades
 + Level 1.5 Axes
 + Level 1.5 Maces & Flails
 + Level 1.5 Polearms
 + Level 1.5 Staves
 + Level 1.5 Ranged Weapons
 + Level 4.8 Throwing
 + Level 1.5 Armour
 + Level 3.0 Dodging
 + Level 7.9 Stealth
 + Level 1.5 Shields
 + Level 1.5 Unarmed Combat
 + Level 1.5 Spellcasting
 + Level 1.2 Conjurations
 + Level 1.2 Hexes
 + Level 1.2 Summonings
 + Level 1.2 Necromancy
 + Level 1.2 Translocations
 + Level 1.2 Transmutations
 + Level 1.2 Fire Magic
 + Level 1.2 Ice Magic
 + Level 1.2 Air Magic
 + Level 1.2 Earth Magic
 + Level 1.2 Poison Magic
 + Level 1.7 Invocations
 + Level 1.5 Evocations


You had 7 spell levels left.
You didn't know any spells.
Your spell library was empty.

Dungeon Overview and Level Annotations

Branches:
Dungeon (3/15)              Sewer (1/1)

Altars:


Innate Abilities, Weirdness & Mutations

You have very sharp teeth.
Your uncanny sense of smell can sniff out nearby items.
Your experience applies equally to all skills.


Message History

The bullfrog misses you. The bullfrog hits you.
The bullfrog swells and bulges.
The bullfrog closely misses you. The bullfrog hits you.
The bullfrog barely misses you. The bullfrog completely misses you.
The bullfrog hits you. The bullfrog closely misses you.
The bullfrog closely misses you. The bullfrog hits you. x2
The bullfrog hits you but does no damage.
You see here the +8 Wrath of Trog {antimagic, *Rage Rampage}.
i - the +8 Wrath of Trog {antimagic, *Rage Rampage} The bullfrog misses you. x2; The bullfrog hits you.
You feel the exhaustion of battles past.
You are exhausted.
You feel yourself slow down.
i - the +8 Wrath of Trog (weapon)
{antimagic, *Rage Rampage} The bullfrog hits you but does no damage.
The bullfrog barely misses you.
You closely miss the bullfrog. You bite the bullfrog.
The bullfrog is lightly wounded.
You miss the bullfrog. The bullfrog hits you.
The bullfrog hits you but does no damage.
The bullfrog closely misses you. The bullfrog hits you! x2
* * * LOW HITPOINT WARNING * * *
The bullfrog hits you.
* * * LOW HITPOINT WARNING * * *
The bullfrog closely misses you.
You are too injured to fight recklessly!
It was a potion of degeneration.
There was something very wrong with that liquid.
You feel weakened.
You feel dopey.
You feel clumsy.
The bullfrog hits you but does no damage.
The bullfrog closely misses you. x2
The bullfrog releases a deep croak.
The bullfrog misses you. The bullfrog closely misses you.
It was a potion of berserk rage.
You're still recovering from your berserk rage.
The bullfrog closely misses you. The bullfrog hits you.
* * * LOW HITPOINT WARNING * * *
The bullfrog hits you!
You die...

#..≈≈≈≈≈≈≈≈≈≈≈≈≈≈≈≈≈≈≈≈≈≈≈≈≈≈≈≈≈≈
#.≈≈≈≈≈≈≈≈≈≈≈≈≈≈≈≈≈≈≈≈≈≈≈≈≈≈≈≈≈≈≈
#.≈≈≈≈≈≈≈≈≈≈≈≈≈≈≈≈≈≈≈≈≈≈≈≈≈≈≈≈≈≈≈
#÷≈≈≈≈..≈≈≈≈≈≈≈≈≈≈..........≈.≈≈≈
#÷≈≈≈.≈≈≈≈≈≈≈≈≈≈≈≈≈≈≈≈#######≈≈≈≈
#≈≈≈≈.≈≈≈≈≈≈≈≈≈≈≈≈≈≈≈≈≈≈# #≈≈≈≈
#≈≈≈≈≈≈≈≈≈≈≈.≈≈≈≈≈≈≈≈≈≈≈# #.≈≈≈
#≈≈≈≈≈≈≈≈≈≈≈≈≈≈≈≈≈≈≈≈≈≈≈≈# #.≈≈≈
#≈≈≈≈÷≈≈≈≈≈≈.≈≈F@.≈≈≈≈≈≈≈# #≈≈≈≈
#≈≈≈≈≈≈≈≈≈≈≈.≈≈F)(.≈≈≈≈≈≈# #≈≈≈≈
#≈≈≈≈≈≈≈≈≈≈≈≈..??†≈≈≈≈≈≈≈# #≈≈≈≈
#≈≈≈≈≈≈≈≈≈≈...≈≈.≈≈≈≈≈≈≈≈# #≈≈≈≈
#≈≈≈≈≈#≈≈≈≈∩≈≈≈≈≈≈≈≈≈≈≈≈## #≈≈≈≈
#≈≈≈≈≈##≈≈≈≈≈≈≈≈≈≈≈≈≈≈≈## #≈≈≈≈
#.≈≈≈≈####≈≈≈≈≈≈≈≈≈≈≈≈## #.≈≈≈
#.≈≈≈≈# ####≈≈≈≈≈≈#### #≈≈≈≈
#.≈≈≈.# ### #.≈≈≈


You could see 2 bullfrogs.

Vanquished Creatures
  Natasha (D:3)
  6 adders (Sewer)
  A worm (D:3)
  3 endoplasms (D:1)
  9 giant cockroaches
  9 goblins
  4 jackals (D:1)
  7 quokkas
  7 ball pythons
  2 bats
  11 frilled lizards
  4 kobolds
  6 rats
70 creatures vanquished.

Notes
Turn   | Place    | Note
-------+----------+-------------------------------------------
     0 | D:1      | jimonade the Gnoll Brigand began the quest for the Orb.
     0 | D:1      | Reached XP level 1. HP: 20/20 MP: 1/1
   174 | D:1      | Reached XP level 2. HP: 17/26 MP: 2/2
   707 | D:1      | Reached XP level 3. HP: 30/31 MP: 3/3
   831 | D:1      | Found a faded altar of an unknown god.
  1031 | D:1      | Reached skill level 1 in Invocations
  1195 | D:2      | You fall into a shaft and drop 1 floor!
  1335 | D:3      | Noticed Natasha
  1347 | D:3      | HP: 1/31 [Natasha (12)]
  1352 | D:3      | Killed Natasha
  1353 | D:3      | Reached skill level 1 in Long Blades
  1353 | D:3      | Reached skill level 1 in Axes
  1353 | D:3      | Reached skill level 1 in Maces & Flails
  1353 | D:3      | Reached skill level 1 in Polearms
  1353 | D:3      | Reached skill level 1 in Staves
  1353 | D:3      | Reached skill level 1 in Ranged Weapons
  1353 | D:3      | Reached skill level 1 in Armour
  1353 | D:3      | Reached skill level 1 in Shields
  1353 | D:3      | Reached skill level 1 in Unarmed Combat
  1353 | D:3      | Reached skill level 1 in Spellcasting
  1353 | D:3      | Reached skill level 1 in Evocations
  1353 | D:3      | Reached XP level 4. HP: 6/38 MP: 5/5
  1544 | D:3      | Found a glowing drain.
  1548 | Sewer    | Entered a sewer
  1682 | Sewer    | Reached skill level 1 in Conjurations
  1682 | Sewer    | Reached skill level 1 in Hexes
  1682 | Sewer    | Reached skill level 1 in Summonings
  1682 | Sewer    | Reached skill level 1 in Necromancy
  1682 | Sewer    | Reached skill level 1 in Translocations
  1682 | Sewer    | Reached skill level 1 in Transmutations
  1682 | Sewer    | Reached skill level 1 in Fire Magic
  1682 | Sewer    | Reached skill level 1 in Ice Magic
  1682 | Sewer    | Reached skill level 1 in Air Magic
  1682 | Sewer    | Reached skill level 1 in Earth Magic
  1682 | Sewer    | Reached skill level 1 in Poison Magic
  1774 | Sewer    | Reached XP level 5. HP: 43/43 MP: 5/7
  2158 | Sewer    | Found the +8 Wrath of Trog {antimagic, *Rage Rampage}
  2213 | Sewer    | Slain by a bullfrog

Illustrated notes

Levels and vault maps discovered:
D:1:      scummos_arrival_gate, layout_basic,
          shapermc_ecumenical_altar_mp_highgroup
D:2:      layout_basic, hangedman_decor_clover_reticule
D:3:      layout_basic, serial_shops, nicolae_shop_bloodbath_and_beyond,
          gup_sewer_entry_bowl, glass_columns_c, kennysheep_generic_room_13,
          uniq_natasha
Sewer:    sewer_frog_island_01

Skill      XL: |  1  2  3  4  5 |
---------------+----------------+-----
Invocations    | 1 |  1.7
Long Blades    | 1 |  1.5
Axes           | 1 |  1.5
Maces & Flails | 1 |  1.5
Polearms       | 1 |  1.5
Staves         | 1 |  1.5
Ranged Weapons | 1 |  1.5
Armour         | 1 |  1.5
Shields        | 1 |  1.5
Unarmed Combat | 1 |  1.5
Spellcasting   | 1 |  1.5
Evocations     | 1 |  1.5
Conjurations   | 1 |  1.2
Hexes          | 1 |  1.2
Summonings     | 1 |  1.2
Necromancy     | 1 |  1.2
Translocations | 1 |  1.2
Transmutations | 1 |  1.2
Fire Magic     | 1 |  1.2
Ice Magic      | 1 |  1.2
Air Magic      | 1 |  1.2
Earth Magic    | 1 |  1.2
Poison Magic   | 1 |  1.2
Dodging        | 3 |  3.0
Fighting       | |  4.8
Short Blades   | |  4.8
Throwing       | |  4.8
Stealth        | |  7.9

Action                   |  1- 3 |  4- 6 || total
-------------------------+-------+-------++-------
Melee: Dagger            |    79 |    72 ||   151
       Bite              |     8 |     7 ||    15
       Punch             |     1 |     2 ||     3
       Battleaxe         |       |     1 ||     1
 Fire: Sling             |       |    66 ||    66
  Use: Potion            |       |     3 ||     3
 Stab: Sleeping          |    13 |     2 ||    15
       Distracted        |     1 |     1 ||     2
Armor: Robe              |    13 |    33 ||    46
       Skin              |       |     3 ||     3
Dodge: Dodged            |    35 |    81 ||   116

Table legend: (Time is in decaauts)
 A = Elapsed time spent in this place.
 B = Non-inter-level travel time spent in this place.
 C = Inter-level travel time spent in this place.
 D = Time resting spent in this place.
 E = Time spent auto-exploring this place.
 F = Levels seen in this place.
 G = Mean time per level.
                   A        B        C        D        E       F      G
               +--------+--------+--------+--------+--------+-----+--------+
         Total |   2270 |   2260 |     10 |    237 |    922 |   4 |  567.5 |
       Dungeon |   1536 |   1526 |     10 |      0 |    877 |   3 |  512.0 |
         Sewer |    734 |    734 |      0 |    237 |     45 |   1 |  734.0 |
               +--------+--------+--------+--------+--------+-----+--------+

Top non-repeatable levels by time:
     D:1: 1176 daAuts
   Sewer: 734 daAuts
     D:3: 355 daAuts
     D:2: 3 daAuts
